AoeStats
← LvT | QuetzalMx

Arena

510443394Analyzed
3v3 RM · 2d ago on Oct 1, 2026· 42m 46s· 6 players
Game mode
Random Map
Map size
Normal (6 player)
Population
200
Speed
Normal
Resources
Standard
Victory
Conquest
Starting age
Dark Age
Ending age
Imperial Age
RankedLock teamsTeams togetherTeam positionsShared explorationLock speedFull tech treeHidden civsTurbo modeCheats
Victory
Defeat
🇲🇽 Khmer · Mexico
1543
+5
🇲🇽 Britons · Mexico
1010
+23
🇲🇽 Varangians · Mexico
971
+24
🇲🇽 Varangians · Mexico
1244
-19
🇺🇸 Magyars · United States
1238
-19
🇲🇽 Japanese · Mexico
1116
-14
LvT | QuetzalMx
11:11 Feudal Age
15:46 Castle Age
14:11 Double-Bit Axe
15:21 Stone Mining
25:45 Ballistics
28:58 Fletching
29:08 Padded Archer Armor
31:10 Bow Saw
34:01 Wheelbarrow
35:11 Leather Archer Armor
34:53 Bodkin Arrow
36:21 Pikeman
42:17 Imperial Age
LvT | ZcPeter
10:52 Feudal Age
14:20 Castle Age
12:25 Double-Bit Axe
12:57 Horse Collar
14:45 Wheelbarrow
15:22 Bow Saw
15:14 Heavy Plow
15:37 Husbandry
20:27 Town Watch
22:50 Hand Cart
22:22 Loom
25:14 Gold Mining
29:02 Imperial Age
27:27 Forging
27:17 Scale Mail Armor
28:12 Gold Shaft Mining
27:27 Stone Mining
27:34 Stone Mining
28:18 Bloodlines
28:18 Scale Barding Armor
28:52 Iron Casting
29:51 Chain Barding Armor
31:30 Elite Battle Elephant
33:25 Blast Furnace
32:24 Fletching
33:10 Conscription
33:46 Plate Barding Armor
33:37 Tusk Swords
36:10 Stone Shaft Mining
37:07 Bodkin Arrow
40:15 Chemistry
39:45 Ballistics
40:09 Double Crossbow
39:31 Elite Ballista Elephant
LvT | lixdicna
2:29 Loom
10:53 Feudal Age
15:48 Castle Age
13:47 Double-Bit Axe
19:21 Scale Mail Armor
20:53 Horse Collar
23:26 Bow Saw
26:42 Chain Mail Armor
30:50 Gambesons
31:23 Gold Mining
32:59 Forging
33:13 Heavy Plow
33:55 Wheelbarrow
33:29 Arson
36:34 Squires
40:32 Imperial Age
40:18 Hand Cart
41:57 Town Watch
42:20 Caravan
42:53 Coinage
41:47 Elite Varangian Guard
43:02 Plate Mail Armor
43:07 Iron Casting
ricardoarturo89
10:21 Feudal Age
9:41 Loom
14:27 Castle Age
13:49 Double-Bit Axe
14:18 Horse Collar
19:33 Fletching
21:19 Crossbowman
24:41 Wheelbarrow
24:35 Ballistics
24:31 Heavy Plow
30:33 Bow Saw
31:57 Bodkin Arrow
33:46 Hand Cart
37:09 Imperial Age
35:43 Thumb Ring
36:10 Fortified Wall
36:07 Padded Archer Armor
37:35 Murder Holes
39:02 Chemistry
38:18 Bracer
41:56 Scale Mail Armor
42:07 Forging
41:46 Elite Samurai
Ux'gödel
10:24 Feudal Age
9:28 Loom
14:16 Castle Age
12:12 Double-Bit Axe
12:53 Horse Collar
19:38 Bow Saw
22:23 Heavy Plow
24:52 Wheelbarrow
24:06 Town Watch
29:52 Imperial Age
28:03 Hand Cart
27:58 Scale Barding Armor
28:02 Gold Mining
28:03 Stone Mining
29:27 Corvinian Army
29:51 Chain Barding Armor
30:12 Bloodlines
30:02 Husbandry
31:12 Conscription
31:29 Plate Barding Armor
32:00 Thumb Ring
32:20 Parthian Tactics
32:13 Elite Magyar Huszar
33:38 Ballistics
33:37 Heavy Cavalry Archer
34:56 Padded Archer Armor
35:19 Fletching
36:38 Chemistry
36:30 Bodkin Arrow
38:04 Masonry
40:18 Hoardings
Nono
10:26 Feudal Age
14:21 Castle Age
13:02 Double-Bit Axe
15:19 Wheelbarrow
15:00 Loom
25:11 Fletching
28:00 Hand Cart
30:53 Imperial Age
28:23 Horse Collar
30:30 Forging
30:20 Scale Mail Armor
30:45 Heavy Plow
33:54 Bodkin Arrow
36:37 Iron Casting
36:17 Chain Mail Armor
Connection lost

Rejoining the realm…

Still unreachable

The connection could not be restored.

Session expired

The server has moved on; the page needs a fresh start.